 Dungeon Sprint DCSS version 0.22-a0-301-gf0fe05c (webtiles) character file.

39902 Kidiri the Warrior (level 13, -26/137 HPs)
             Began as a Minotaur Fighter on Mar 26, 2018.
             Was a High Priest of Okawaru.
             Killed from afar by a frost giant (56 damage)
             ... with a bolt of cold
             ... in the Dungeon (Sprint IX: "|||||||||||||||||||||||||||||").
             The game lasted 00:15:16 (3627 turns).

Kidiri the Warrior (Minotaur Fighter)               Turns: 3627, Time: 00:15:18

Health: -26/137    AC: 30    Str: 26    XL:     13   Next: 71%
Magic:  16/20      EV: 30    Int:  5    God:    Okawaru [*****.]
Gold:   1914       SH:  0    Dex: 26    Spells: 12/12 levels left

rFire    . . .     SeeInvis +   q - +1 great sword of Objectivity {freeze, rC- Dex+8}
rCold    . . .     Gourm    .   (shield currently unavailable)
rNeg     . . .     Faith    .   J - +0 storm dragon scales
rPois    .         Spirit   .   a - +1 hat {SInv}
rElec    +         Reflect  .   x - +2 cloak {+Inv}
rCorr    .         Harm     .   y - +0 pair of gloves
MR       .....     NoTele   +   t - +0 pair of boots
Stlth    ++........             (no amulet)
HPRegen  0.32/turn              B - ring of protection from cold
MPRegen  0.17/turn              A - ring of see invisible

@: mighty, agile, heroism, finesse, very slightly contaminated, invisible
A: retaliatory headbutt, horns 2, blink, weak 1
a: Blink, Heroism, Finesse, Renounce Religion


You were in the Dungeon.
You worshipped Okawaru.
Okawaru was extremely pleased with you.
You were not hungry.

You visited 1 branch You collected 1914 gold pieces.

Inventory:

Hand Weapons
 q - the +1 great sword of Objectivity (weapon) {freeze, rC- Dex+8}
   (Okawaru gifted it to you in the Dungeon)

   It has been specially enchanted to freeze those struck by it, causing extra
   injury to most foes and up to half again as much damage against particularly
   susceptible opponents.
   It can also slow down cold-blooded creatures.
   It affects your dexterity (+8).
   It makes you vulnerable to cold.
 u - a +2 scimitar of holy wrath
Armour
 a - a +1 hat of see invisible (worn)
 c - a +0 shield
 t - a +0 pair of boots (worn)
 x - a +2 cloak of invisibility (worn)
 y - a +0 pair of gloves (worn)
 E - +1 fire dragon scales
 J - +0 storm dragon scales (worn)
Jewellery
 A - a ring of see invisible (right hand)
 B - a ring of protection from cold (left hand)
 C - an uncursed ring of poison resistance
Scrolls
 j - 5 scrolls of enchant weapon
 k - 3 scrolls of blinking
 l - 2 scrolls of fear
 n - 3 scrolls of remove curse
 o - 2 scrolls of amnesia
 w - 2 scrolls of identify
Potions
 e - 5 potions of curing
 g - a potion of experience {unknown}
 h - a potion of haste
 i - 4 potions of magic
 m - a potion of invisibility
 K - a potion of resistance
 L - a potion of berserk rage
Comestibles
 f - 9 rations


   Skills:
 * Level 19.1(24.1) Fighting
 * Level 19.0(24.0) Long Blades
 * Level 19.1(24.1) Armour
 + Level 13.1(18.1) Dodging
 * Level 19.1(24.1) Shields
 - Level 10.7 Invocations
 + Level 8.0 Evocations


You had 12 spell levels left.
You didn't know any spells.

Dungeon Overview and Level Annotations

Branches:
Dungeon (1/1)

Altars:
Cheibriados
Dithmenos
Elyvilon
Fedhas
Gozag
Hepliaklqana
Kikubaaqudgha
Makhleb
Nemelex Xobeh
Okawaru
Qazlal
Ru
Sif Muna
Trog
Uskayaw
Vehumet
Wu Jian
Xom
Yredelemnul
Zin
The Shining One
Beogh
Jiyva
Lugonu

Shops:
D *(??


Innate Abilities, Weirdness & Mutations

You reflexively headbutt those who attack you in melee.
You have a pair of horns on your head.
You can translocate small distances at will.
You are weak. (Str -2)


Message History

You fade into invisibility!
You feel somewhat more hungry.
You gain the combat prowess of a mighty hero.
You feel better. The frost giant casts a spell at you.
The bolt of cold misses you.
Wield which item (- for none, * to show all)? (? for menu, Esc to quit)
Okay, then.
You feel very mighty all of a sudden. The frost giant casts a spell at you.
The bolt of cold hits the frost giant.
The frost giant resists.
The bolt of cold misses you.
You feel better.
The frost giant points at you and mumbles some strange words.
The bolt of cold hits you!
* * * LOW HITPOINT WARNING * * *
The frost giant points at you and mumbles some strange words.
The bolt of cold hits the frost giant.
The frost giant resists.
The bolt of cold hits you!
You die...

.▓(▓.▓)▓.▓)▓.♣†♣.▓.▓
.▓:▓.▓)▓.▓.▓.▓.▓.▓.▓
.▓(▓.▓)▓.▓.▓.▓.▓.▓.▓
.▓.▓.▓.▓.▓.▓.▓.▓.▓.▓
.▓.▓.▓.▓.▓.▓.▓.▓.▓§▓
.▓.▓.▓.▓.▓.▓.▓.▓.▓§▓
.▓.▓.▓.▓.▓'▓.▓.▓.▓§▓
.▓.▓.▓.▓.▓.▓.▓.▓.▓§▓
.▓'▓.▓.▓.▓.▓.▓.▓@▓§▓
.▓.▓.▓.▓.▓.▓.▓.▓.▓§▓
.▓.▓.▓.▓.▓.▓.▓.▓C▓§▓
.▓.▓.▓.▓.▓.▓.▓.▓.▓§▓
.▓.▓.▓.▓.▓.▓.▓.▓C▓§▓
.▓.▓.▓.▓.▓.▓.▓.▓.▓§▓
.▓.▓.▓.▓.▓.▓.▓.▓.▓.▓
...▓...▓...▓...▓...▓
▓▓▓▓▓▓▓▓▓▓▓▓▓▓▓▓▓▓▓▓


You could see 2 frost giants.

Vanquished Creatures
  A nagaraja (D)
  A fire giant (D)
  Aizul (D)
  A very ugly thing (D)
  An entropy weaver (D)
  A fire dragon (D)
  An ettin (D)
  A yaktaur captain (D)
  4 hydras (D)
  A great orb of eyes (D)
  4 ogre magi (D)
  A death knight (D)
  An anaconda (D)
  2 centaur warriors (D)
  A spriggan (D)
  A shock serpent (D)
  Sonja (D)
  A naga sharpshooter (D)
  A skeletal warrior (D)
  2 iron trolls (D)
  An unseen horror (D)
  A swamp dragon (D)
  4 deep trolls (D)
  An orc knight (D)
  An orb spider (D)
  2 manticores (D)
  A wolf spider (D)
  A mana viper (D)
  A cyclops (D)
  An ugly thing (D)
  2 merfolk sirens (D)
  5 black mambas (D)
  A guardian serpent (D)
  A water nymph (D)
  3 spiny frogs (D)
  A yaktaur (shapeshifter) (D)
  5 komodo dragons (D)
  6 trolls (D)
  3 jumping spiders (D)
  A hornet (D)
  A tyrant leech (D)
  A hippogriff (D)
  A slime creature (D)
  A blink frog (D)
  A bog body (D)
  2 snapping turtles (D)
  A redback (D)
  2 tarantellas (D)
  2 yaks (D)
  Eustachio (D)
  2 acid dragons (D)
  A soldier ant (D)
  A water moccasin (D)
  2 hell hounds (D)
  3 porcupines (D)
  An ice beast (D)
  A sky beast (D)
  8 orc warriors (D)
  A necrophage (D)
  6 wolves (D)
  2 centaurs (D)
  A bullfrog (D)
  3 orc priests (D)
  4 orc wizards (D)
  A worker ant (D)
  2 gnolls (D)
  An adder (D)
  An ooze (D)
  9 orcs (D)
  A bat skeleton (D)
  2 bat zombies (D)
  A kobold (D)
  A frilled lizard (D)
  A goblin (D)
  A rat (D)
140 creatures vanquished.

Vanquished Creatures (others)
  A fire giant (D)
  A merfolk avatar (D)
  A satyr (D)
  A golden eye (shapeshifter) (D)
4 creatures vanquished.

Grand Total: 144 creatures vanquished

Notes
Turn   | Place    | Note
-------+----------+-------------------------------------------
     0 | D        | Kidiri the Minotaur Fighter began the quest for the Orb.
     0 | D        | Reached XP level 1. HP: 19/19 MP: 0/0
     9 | D        | Reached skill level 1 in Dodging
    15 | D        | Reached XP level 2. HP: 25/27 MP: 1/1
    28 | D        | Noticed a centaur
    28 | D        | Noticed a centaur
    37 | D        | Killed a centaur
    37 | D        | Reached skill level 5 in Long Blades
    37 | D        | Reached XP level 3. HP: 23/37 MP: 2/2
    37 | D        | Reached XP level 4. HP: 28/44 MP: 3/3
    42 | D        | Killed a centaur
    42 | D        | Reached XP level 5. HP: 25/52 MP: 4/4
    50 | D        | Found a roughly hewn altar of Beogh.
    50 | D        | Found a snail-covered altar of Cheibriados.
    50 | D        | Found a shadowy altar of Dithmenos.
    50 | D        | Found a white marble altar of Elyvilon.
    50 | D        | Found a blossoming altar of Fedhas.
    50 | D        | Found an opulent altar of Gozag.
    51 | D        | Found a hazy altar of Hepliaklqana.
    52 | D        | Found a viscous altar of Jiyva.
    53 | D        | Found an ancient bone altar of Kikubaaqudgha.
    54 | D        | Found a corrupted altar of Lugonu.
    55 | D        | Found a burning altar of Makhleb.
    56 | D        | Found a sparkling altar of Nemelex Xobeh.
    57 | D        | Found an iron altar of Okawaru.
    58 | D        | Found a stormy altar of Qazlal.
    59 | D        | Found a sacrificial altar of Ru.
    60 | D        | Found a deep blue altar of Sif Muna.
    61 | D        | Found a bloodstained altar of Trog.
    62 | D        | Found a hide-covered altar of Uskayaw.
    63 | D        | Found a radiant altar of Vehumet.
    64 | D        | Found an ornate altar of the Wu Jian Council.
    65 | D        | Became a worshipper of Warmaster Okawaru
    66 | D        | Found a shimmering altar of Xom.
    67 | D        | Found a basalt altar of Yredelemnul.
    68 | D        | Found a glowing silver altar of Zin.
    69 | D        | Found a glowing golden altar of the Shining One.
   202 | D        | Noticed an ice beast
   202 | D        | Noticed a necrophage
   204 | D        | Killed a necrophage
   204 | D        | Reached skill level 1 in Invocations
   204 | D        | Reached XP level 6. HP: 61/61 MP: 4/6
   218 | D        | Killed an ice beast
   218 | D        | Reached * piety under Okawaru
   287 | D        | Noticed a centaur warrior
   287 | D        | Noticed a soldier ant
   287 | D        | Noticed a cyan ugly thing
   287 | D        | Noticed a komodo dragon
   287 | D        | Noticed a skeletal warrior
   287 | D        | Noticed a death knight
   299 | D        | Killed a death knight
   299 | D        | Reached skill level 10 in Fighting
   299 | D        | Reached skill level 10 in Armour
   299 | D        | Reached skill level 10 in Shields
   299 | D        | Reached XP level 7. HP: 55/73 MP: 4/9
   299 | D        | Reached XP level 8. HP: 60/80 MP: 4/10
   307 | D        | Killed a skeletal warrior
   307 | D        | Reached ** piety under Okawaru
   307 | D        | Reached skill level 10 in Long Blades
   318 | D        | Killed a komodo dragon
   318 | D        | Reached skill level 5 in Invocations
   330 | D        | Killed a cyan ugly thing
   330 | D        | Reached XP level 9. HP: 34/90 MP: 5/12
   340 | D        | Killed a centaur warrior
   340 | D        | Reached *** piety under Okawaru
   721 | D        | Gained mutation: You do not regenerate when monsters are visible. [potion of mutation]
   721 | D        | Gained mutation: You can translocate small distances at will. [potion of mutation]
   721 | D        | Gained mutation: You are weak. (Str -2) [potion of mutation]
   721 | D        | Lost mutation: You do not regenerate when monsters are visible. [potion of mutation]
   723 | D        | Noticed a black mamba
   723 | D        | Noticed a komodo dragon
   723 | D        | Noticed a komodo dragon
   728 | D        | Noticed a komodo dragon
   729 | D        | Killed a komodo dragon
   735 | D        | Noticed a spiny frog
   735 | D        | Killed a komodo dragon
   739 | D        | Reached **** piety under Okawaru
   748 | D        | Killed a black mamba
   748 | D        | Reached XP level 10. HP: 88/100 MP: 13/13
   769 | D        | Killed a spiny frog
   860 | D        | Noticed a spiny frog
   860 | D        | Noticed a black mamba
   860 | D        | Noticed a four-headed hydra
   866 | D        | Killed a four-headed hydra
   866 | D        | Reached ***** piety under Okawaru
   866 | D        | Killed a black mamba
   866 | D        | Received a gift from Okawaru
   867 | D        | Killed a spiny frog
   869 | D        | Noticed a four-headed hydra
   882 | D        | Killed a five-headed hydra
   975 | D        | Reached XP level 11. HP: 111/111 MP: 8/15
   990 | D        | Received a gift from Okawaru
   993 | D        | Reached skill level 1 in Evocations
  1184 | D        | Noticed an ettin
  1207 | D        | Killed an ettin
  1279 | D        | Noticed an orc knight
  1302 | D        | Killed an orc knight
  1302 | D        | Reached skill level 15 in Fighting
  1302 | D        | Reached skill level 10 in Dodging
  1309 | D        | Reached skill level 15 in Armour
  1309 | D        | Reached skill level 15 in Shields
  1450 | D        | Found Ohylud's Magic Scroll Boutique.
  1450 | D        | Noticed a deep troll
  1450 | D        | Noticed a deep troll
  1450 | D        | Noticed an iron troll
  1453 | D        | Noticed an iron troll
  1466 | D        | Killed an iron troll
  1466 | D        | Reached skill level 15 in Long Blades
  1472 | D        | Killed a deep troll
  1473 | D        | Found Wiunko Ynooc's Magic Scroll Shop.
  1480 | D        | Noticed a deep troll
  1480 | D        | Killed a deep troll
  1501 | D        | Killed an iron troll
  1502 | D        | Found Moaheroz's Antique Weapon Boutique.
  1508 | D        | Killed a deep troll
  1509 | D        | Found Plog's Assorted Antiques.
  1514 | D        | Noticed a deep troll
  1515 | D        | Noticed an ogre mage
  1522 | D        | Killed a deep troll
  1532 | D        | Killed an ogre mage
  1540 | D        | Reached XP level 12. HP: 73/122 MP: 9/17
  1728 | D        | Noticed Eustachio
  1741 | D        | Killed Eustachio
  2074 | D        | Noticed an ogre mage
  2079 | D        | Noticed an ogre mage
  2080 | D        | Noticed a yaktaur captain
  2086 | D        | Noticed a fire giant
  2094 | D        | Noticed a fire giant
  2098 | D        | Noticed a centaur warrior
  2103 | D        | Noticed an ogre mage
  2112 | D        | Killed an ogre mage
  2112 | D        | Received a gift from Okawaru
  2117 | D        | Killed an ogre mage
  2128 | D        | Killed a yaktaur captain
  2128 | D        | Reached skill level 5 in Evocations
  2138 | D        | Killed a fire giant
  2151 | D        | Killed a fire giant
  2157 | D        | Killed a centaur warrior
  2157 | D        | Reached skill level 10 in Invocations
  2168 | D        | Killed an ogre mage
  2178 | D        | Got a crystal great sword {god gift}
  2184 | D        | Identified the +1 great sword of Objectivity {freeze, rC- Dex+8} (Okawaru gifted it to you in the Dungeon)
  2503 | D        | Noticed Aizul
  2526 | D        | Killed Aizul
  2526 | D        | Received a gift from Okawaru
  2744 | D        | Noticed Sonja
  2755 | D        | Killed Sonja
  2811 | D        | Noticed a brown very ugly thing
  2820 | D        | Noticed an eight-headed hydra
  2828 | D        | Killed a brown very ugly thing
  2829 | D        | Noticed a four-headed hydra
  2841 | D        | Reached XP level 13. HP: 101/134 MP: 13/19
  3204 | D        | Noticed a nagaraja
  3220 | D        | Killed a nagaraja
  3261 | D        | Noticed an entropy weaver
  3296 | D        | Killed an entropy weaver
  3562 | D        | Noticed a frost giant
  3562 | D        | Noticed a frost giant
  3562 | D        | Noticed a fire dragon
  3567 | D        | Noticed a fire giant
  3580 | D        | Killed a fire dragon
  3627 | D        | Killed from afar by a frost giant

Vault maps used:
D:        linesprint

Skill      XL: |  1  2  3  4  5  6  7  8  9 10 11 12 13 |
---------------+----------------------------------------+-----
Fighting       | 4 6 7 10 11 12 14 16 17 19 | 19.1
Long Blades    | 3 5 6 7 9 11 12 14 15 17 19 | 19.0
Armour         | 4 6 7 10 11 12 14 16 17 19 | 19.1
Dodging        | 1 3 4 6 7 8 9 10 12 13 | 13.1
Shields        | 4 6 7 10 11 12 14 16 17 19 | 19.1
Invocations    | 1 4 5 6 7 9 10 | 10.7
Evocations     | 4 6 8 |  8.0

Action                   |  1- 3 |  4- 6 |  7- 9 | 10-12 | 13-15 || total
-------------------------+-------+-------+-------+-------+-------++-------
Melee: Long sword        |    20 |     5 |       |       |       ||    25
       Headbutt          |     4 |    11 |    19 |   111 |    34 ||   179
       Scimitar          |       |    27 |    60 |   332 |       ||   419
       Great sword       |       |       |       |    51 |   116 ||   167
Invok: Heroism           |       |     1 |     2 |    14 |     6 ||    23
       Finesse           |       |       |       |    13 |     5 ||    18
 Abil: Evoke Invisibilit |       |       |       |       |     2 ||     2
Evoke: Wand              |       |       |       |     8 |     2 ||    10
  Use: Potion            |       |     1 |     4 |     4 |     5 ||    14
       Scroll            |       |       |       |       |     2 ||     2
 Stab: Invisible         |       |       |       |       |     7 ||     7
  Eat: Chunk             |       |       |       |     5 |       ||     5
       Ration            |       |       |       |     1 |     1 ||     2
Armor: Scale mail        |     6 |     5 |     6 |    20 |       ||    37
       Storm dragon scal |       |       |       |    19 |    66 ||    85
Dodge: Dodged            |     6 |     7 |    13 |   109 |    97 ||   232
Block: Shield            |     7 |    22 |    19 |   125 |       ||   173
       Rpst.: Long sword |     2 |       |       |       |       ||     2
       Scimitar          |       |     2 |     7 |    16 |       ||    25
       Great sword       |       |       |       |     4 |     8 ||    12

Table legend:
 A = Spawn XP
 B = Non-spawn XP
 C = Spawn XP percentage of total XP
 D = Spawn monster count
 E = Non-spawn monster count
 F = Spawn count percentage of total count
 G = Total turns spent on level
                    A         B        C        D         E        F      G
               +---------+---------+-------+---------+---------+-------+---------
         Total |       0 |   57003 |   0.0 |       0 |     143 |   0.0 |  3627
               +---------+---------+-------+---------+---------+-------+---------
             D |       0 |   57003 |   0.0 |       0 |     143 |   0.0 |  3627
               +---------+---------+-------+---------+---------+-------+---------
